 Dungeon Crawl Stone Soup version 0.21.1-1-g345015fe64 (webtiles) character file.

46 Ivernyr the Caller (level 3, -3/19 HPs)
             Began as a Tengu Summoner on Apr 21, 2018.
             Slain by Jessica
             ... wielding a +9 club
              (11 damage)
             ... on level 2 of the Dungeon.
             The game lasted 00:08:41 (2233 turns).

Ivernyr the Caller (Tengu Summoner)                 Turns: 2233, Time: 00:08:41

Health: -3/19      AC:  2    Str:  8    XL:     3   Next: 66%
Magic:  2/7        EV: 12    Int: 16    God:
Gold:   37         SH:  0    Dex: 14    Spells: 2/6 levels left

rFire    . . .     SeeInvis .   (no weapon)
rCold    . . .     Gourm    .   (no shield)
rNeg     . . .     Faith    .   a - +0 robe
rPois    .         Spirit   .   (helmet restricted)
rElec    .         Reflect  .   (no cloak)
rCorr    .         Harm     .   (no gloves)
MR       .....                  (boots unavailable)
Stlth    +.........             (no amulet)
HPRegen  0.06/turn              (no ring)
MPRegen  0.10/turn              (no ring)

@: heavily drained
A: beak, talons 3
a: no special abilities


You were on level 2 of the Dungeon.
You were not hungry.

You visited 1 branch of the dungeon, and saw 2 of its levels.

You collected 37 gold pieces.

Inventory:

Armour
 a - a +0 robe (worn)
Scrolls
 f - a scroll of remove curse {unknown}
Potions
 e - 2 potions of curing {unknown}
Books
 b - a book of Callings

   Spells                             Type                      Level
   a - Summon Small Mammal            Summoning                    1
   b - Call Imp                       Summoning                    2
   c - Call Canine Familiar           Summoning                    3
   d - Summon Guardian Golem          Hexes/Summoning              3
   e - Summon Lightning Spire         Summoning/Air                4
   f - Summon Ice Beast               Ice/Summoning                4
Comestibles
 c - 4 rations
 d - a chunk of flesh


   Skills:
 + Level 2.8(1.2) Dodging
 - Level 2.0(0.4) Stealth
 * Level 2.4(0.8) Spellcasting
 + Level 5.6(3.9) Summonings


You had 2 spell levels left.
You knew the following spells:

 Your Spells              Type           Power        Failure   Level  Hunger
a - Summon Small Mammal   Summ           ##..         4%          1    ##.....
b - Call Canine Familiar  Summ           ##......     14%         3    ####...


Dungeon Overview and Level Annotations

Branches:
Dungeon (2/15)

Altars:

Annotations:
D:2 Jessica


Innate Abilities, Weirdness & Mutations

You have a beak for a mouth.
You have claws for feet.


Message History

Jessica points at you and mumbles some strange words.
Your hound writhes in agony!
Your hound bites Jessica.
Jessica gestures at you while chanting.
Your hound writhes in agony!
Your hound dies!
Your hound's corpse disappears in a puff of smoke!
Jessica gestures at you while chanting. Pain shoots through your body!
Ouch! That really hurt!
Jessica gestures at you while chanting. You resist with some effort.
Casting: Call Canine Familiar
Confirm with . or Enter, or press ? or * to list all spells.
Jessica hits you but does no damage.
You hit Jessica but do no damage. Your kick misses Jessica.
Jessica is lightly wounded.
Jessica hits you with an enchanted club!
Ouch! That really hurt!
You die...

#.>..........#
###
##.####.#<####
#.#.# ########
#.#.####......#
#.#....#......#
#.###.........#
#.# #.........#
#@# #.........#
#@# #.........#
#.####.#......#
#h.....########
########
##########
.....>...#
########r# #<#
#.#


You could see Jessica and a friendly hound.

Vanquished Creatures
  An adder (D:2)
  2 dart slugs (D:1)
  A leopard gecko (D:2)
  2 giant cockroaches (D:1)
  5 hobgoblins
  A bat (D:1)
  2 frilled lizards (D:1)
  4 kobolds (D:1)
  2 rats
20 creatures vanquished.

Vanquished Creatures (collateral kills)
  A leopard gecko (D:1)
  2 ball pythons (D:2)
  3 bats
  A giant cockroach (D:1)
  A goblin (D:1)
  3 hobgoblins
  4 jackals (D:1)
  7 kobolds
  A frilled lizard (D:2)
  2 rats
25 creatures vanquished.

Grand Total: 45 creatures vanquished

Notes
Turn   | Place    | Note
-------+----------+-------------------------------------------
     0 | D:1      | Ivernyr the Tengu Summoner began the quest for the Orb.
     0 | D:1      | Reached XP level 1. HP: 10/10 MP: 4/4
   142 | D:1      | Reached skill level 5 in Summonings
   194 | D:1      | Reached XP level 2. HP: 15/15 MP: 3/6
  1273 | D:1      | Reached XP level 3. HP: 6/19 MP: 7/7
  1498 | D:1      | Learned a level 3 spell: Call Canine Familiar
  2219 | D:2      | Noticed Jessica
  2233 | D:2      | Slain by Jessica

Skill      XL: |  1 |
---------------+----+-----
Summonings     | 5 |  5.6
Dodging        | |  2.8
Stealth        | |  2.0
Spellcasting   | |  2.4

Action                   || total
-------------------------++-------
Melee: Unarmed           ||    92
       Kick              ||    20
       Peck              ||    13
 Cast: Summon Small Mamm ||    26
       Call Canine Famil ||     7
 Stab: Distracted        ||     1
  Eat: Chunk             ||     5
Armor: Robe              ||    13
Dodge: Dodged            ||    63
